 Dungeon Crawl Stone Soup version 0.25.1-2-g60ff931df9 (webtiles) character file.

Game seed: 8838342112194263419

1841 Chiseanne the Magician (level 8, -1/52 HPs)
             Began as a Demonspawn Wizard on Oct 8, 2020.
             Was an Initiate of Vehumet.
             Shot with an arrow by a centaur (15 damage)
             ... on level 7 of the Dungeon.
             The game lasted 00:21:14 (10918 turns).

Chiseanne the Magician (Demonspawn Wizard)         Turns: 10918, Time: 00:21:14

Health: -1/52      AC:  5    Str:  8    XL:     8   Next: 87%
Magic:  3/18       EV: 12    Int: 21    God:    Vehumet [......]
Gold:   406        SH:  6    Dex: 12    Spells: 14/20 levels left

rFire    + . .     SeeInvis +   a - +3 falchion (venom)
rCold    + . .     Gourm    .   v - +1 buckler
rNeg     . . .     Faith    .   A - +0 robe
rPois    .         Spirit   .   b - +0 hat
rElec    .         Reflect  .   c - scarf {rC+ rF+}
rCorr    .         Harm     .   r - +0 pair of gloves
MR       .....                  (no boots)
Stlth    +++.......             (no amulet)
HPRegen  0.17/turn              j - ring of stealth
MPRegen  0.16/turn              k - ring of see invisible

@: very slightly contaminated
A: hooves 2, thin metallic scales 1, nightstalker 1
a: Renounce Religion


You were on level 7 of the Dungeon.
You worshipped Vehumet.
Vehumet was noncommittal.
You were hungry.

You visited 2 branches of the dungeon, and saw 8 of its levels.

You collected 406 gold pieces.

Inventory:

Hand Weapons
 a - a +3 falchion of venom (weapon)
 s - a +0 rapier
 w - a +0 hunting sling
Missiles
 e - 64 bolts
 o - 69 sling bullets
 q - 27 poisoned darts (quivered)
Armour
 b - a +0 hat (worn)
 c - a scarf of resistance (worn)
 r - a +0 pair of gloves (worn)
 v - a +1 buckler (worn)
 A - a +0 robe (worn)
Jewellery
 j - a ring of stealth (left hand)
 k - a ring of see invisible (right hand)
 C - an uncursed amulet of guardian spirit {unknown}
Scrolls
 g - a scroll of identify
 h - 2 scrolls of teleportation
 m - 4 scrolls of remove curse
 t - 2 scrolls of amnesia
 u - a scroll of enchant armour
 B - a scroll of blinking
 G - a scroll of magic mapping
Potions
 f - 3 potions of curing
 i - a potion of berserk rage
 l - 2 potions of stabbing
 n - 3 potions of magic
 p - 2 potions of resistance
 x - 3 potions of lignification
 y - a potion of might
 z - 2 potions of heal wounds
 E - a potion of flight
 F - 3 potions of haste
Comestibles
 d - 7 rations


   Skills:
 - Level 1.7 Dodging
 - Level 1.7 Stealth
 * Level 5.7 Shields
 * Level 6.9 Spellcasting
 * Level 6.7 Conjurations
   Level 1.0 Summonings
 - Level 0.8 Translocations


You had 14 spell levels left.
You knew the following spells:

 Your Spells              Type           Power        Failure   Level  Hunger
a - Magic Dart            Conj           ####         1%          1    None
b - Blink                 Tloc           N/A          10%         2    None
d - Mephitic Cloud        Conj/Pois/Air  ###.....     11%         3    #......

Your spell library contained the following spells:

 Spells                   Type           Power        Failure   Level  Hunger
 Conjure Flame            Conj/Fire      ###.....     7%          3    #......
 Call Imp                 Summ           ##......     9%          2    None
 Slow                     Hex            #.......     14%         2    None


Dungeon Overview and Level Annotations

Branches:
Dungeon (7/15)             Temple (1/1) D:6

Altars:
Ashenzari
Elyvilon
Fedhas
Gozag
Hepliaklqana
Kikubaaqudgha
Nemelex Xobeh
Okawaru
Qazlal
Sif Muna
Trog
Uskayaw
Vehumet
Wu Jian
Yredelemnul
Zin
The Shining One


Innate Abilities, Weirdness & Mutations

You have hoof-like feet.
You are partially covered in thin metallic scales. (AC +2)
You are slightly more attuned to the shadows.


Message History

You closely miss the quokka. Your kick misses the quokka.
You block the quokka's attack.
The orc warrior hits you with a +0 scimitar!
* * * LOW HITPOINT WARNING * * *
You block the quokka's attack.
A centaur comes into view.
You feel sick.
You are no longer poisoned.
The centaur wields a cursed +0 shortbow.
The centaur shoots an arrow.
The arrow hits you!
* * * LOW HITPOINT WARNING * * *
The centaur shoots an arrow.
The arrow barely misses you.
You see here 2 arrows.
Okay, then.
You feel better.
The orc wizard hits the quokka with a +0 dagger.
The quokka misses you.
The centaur shoots an arrow.
The arrow closely misses you.
The centaur shoots an arrow.
The arrow hits you!
You die...

.%. # #.#
#.#.#
.#.## ...#
#..#####
#<...c..
#@..####
#(ro######
#o........
##..[...#.
##.###.#
#o# # #o#
#.# #.#


You could see an orc warrior (confused, very poisoned), a centaur, an orc
priest, an orc wizard (fast, confused), an orc and a quokka.

Vanquished Creatures
  Edmund (D:6)
  An ice beast (D:5)
  2 orc warriors (D:6)
  A sky beast (D:6)
  An ogre (D:5)
  A centaur (D:4)
  2 big kobolds (D:3)
  2 bullfrogs (D:6)
  A howler monkey (D:6)
  2 crimson imps
  A centaur zombie (D:5)
  2 bullfrog zombies
  A bullfrog skeleton (D:5)
  3 hounds
  An orc wizard (D:6)
  A centaur skeleton (D:6)
  A jelly (D:5)
  5 worker ants
  A worker ant zombie (D:5)
  11 gnolls
  8 adders
  2 shadow imps
  An adder zombie (D:6)
  An adder skeleton (D:4)
  A worm (D:5)
  A dart slug (D:4)
  5 leopard geckos
  20 orcs
  5 giant cockroaches
  37 goblins
  37 hobgoblins
  8 jackals
  12 kobolds
  3 quokkas
  A ball python (D:6)
  6 bats
  5 frilled lizards
  A jackal skeleton (D:4)
  8 rats
203 creatures vanquished.

Notes
Turn   | Place    | Note
-------+----------+-------------------------------------------
     0 | D:1      | Chiseanne the Demonspawn Wizard began the quest for the
                  | Orb.
     0 | D:1      | Reached XP level 1. HP: 13/13 MP: 4/4
   477 | D:1      | Gained mutation: You have large cloven feet. [demonic
                  | ancestry]
   477 | D:1      | Reached XP level 2. HP: 9/19 MP: 6/6
  1368 | D:1      | Gained mutation: You are partially covered in thin metallic
                  | scales. (AC +2) [demonic ancestry]
  1368 | D:1      | Reached XP level 3. HP: 23/24 MP: 0/8
  1952 | D:2      | Found a hide-covered altar of Uskayaw.
  1952 | D:2      | Noticed a +0 hand axe
  1952 | D:2      | Noticed a +0 hand axe
  2288 | D:2      | Found a glowing golden altar of the Shining One.
  3001 | D:3      | Found a glowing silver altar of Zin.
  3001 | D:3      | Found a hazy altar of Hepliaklqana.
  3231 | D:3      | Found a sparkling altar of Nemelex Xobeh.
  3333 | D:3      | Reached XP level 4. HP: 9/30 MP: 1/9
  3335 | D:3      | Reached skill level 1 in Shields
  4157 | D:2      | Learned a level 2 spell: Blink
  4161 | D:2      | Learned a level 3 spell: Mephitic Cloud
  4464 | D:2      | Reached XP level 5. HP: 17/35 MP: 1/11
  5185 | D:3      | Gained mutation: You are slightly more attuned to the
                  | shadows. [demonic ancestry]
  5185 | D:3      | Reached XP level 6. HP: 41/41 MP: 0/12
  6429 | D:4      | Reached skill level 5 in Spellcasting
  6586 | D:4      | Gained mutation: You have hoof-like feet. [demonic
                  | ancestry]
  6586 | D:4      | Reached XP level 7. HP: 38/46 MP: 5/14
  6852 | D:4      | Found a blossoming altar of Fedhas.
  6856 | D:4      | HP: 1/46 [centaur/arrow (9)]
  7710 | D:5      | Entered Level 5 of the Dungeon
  7900 | D:5      | Reached skill level 5 in Conjurations
  8692 | D:5      | Reached XP level 8. HP: 47/52 MP: 16/16
  8826 | D:5      | Found an ornate altar of the Wu Jian Council.
  9417 | D:6      | Reached skill level 5 in Shields
  9560 | D:6      | Found a staircase to the Ecumenical Temple.
  9570 | Temple   | Entered the Ecumenical Temple
  9605 | Temple   | Became a worshipper of Vehumet
 10447 | D:6      | Noticed Edmund
 10462 | D:6      | Killed Edmund
 10918 | D:7      | Shot with an arrow by a centaur

Illustrated notes

Levels and vault maps discovered:
D:1:      minmay_arrival_arboretum_small, layout_loops_ring, minmay_tromino_mix6
D:2:      layout_loops_ring, nicolae_tso_swordbearing_angel,
          dancing_weapons_uskayaw
D:3:      minmay_goblin_kobold_castle, layout_basic, old_standard_altar,
          gammafunk_temple_overflow_statue
D:4:      layout_loops_cross, chequers_serial_rivers_micro_d,
          fedhas_bush_and_centaur_altar
D:5:      layout_gridville, kennysheep_mini, first_ration
D:6:      layout_cave_pods, minmay_temple_entry_stoned_glass,
          minmay_misc_feat_enclosed, chequers_serial_rivers_micro_b, uniq_edmund
D:7:      layout_loops_ring, hangedman_abyss_or_decor_passed,
          uniq_crazy_yiuf_cottage
Temple:   minmay_temple_bridge_abc

Skill      XL: |  1  2  3  4  5  6  7  8 |
---------------+-------------------------+-----
Conjurations   | 2 3 4 5 6 |  6.7
Shields        | 1 2 3 4 5 |  5.7
Spellcasting   | 4 5 6 |  6.9
Dodging        | |  1.7
Stealth        | |  1.7
Summonings     | |  1.0
Translocations | |  0.8

Action                   |  1- 3 |  4- 6 |  7- 9 || total
-------------------------+-------+-------+-------++-------
Melee: Mace              |    26 |       |       ||    26
       Rapier            |     8 |    82 |       ||    90
       Kick              |     2 |     9 |    16 ||    27
       Falchion          |       |       |    45 ||    45
 Cast: Magic Dart        |   119 |   210 |   193 ||   522
       Mephitic Cloud    |       |     5 |     9 ||    14
       Blink             |       |     1 |     1 ||     2
  Use: Scroll            |     9 |       |    14 ||    23
       Potion            |     2 |     1 |     1 ||     4
 Stab: Confused          |       |     2 |     3 ||     5
       Distracted        |       |     1 |       ||     1
       Sleeping          |       |       |     1 ||     1
  Eat: Chunk             |     7 |    11 |     9 ||    27
       Ration            |       |       |     1 ||     1
Armor: Robe              |    12 |    23 |    23 ||    58
Dodge: Dodged            |    48 |    77 |    75 ||   200
Block: Buckler           |     3 |    31 |    30 ||    64
       Rpst.: Falchion   |       |       |    21 ||    21
